 Dungeon Crawl Stone Soup version 0.31-a0-819-gf6de2f5ab6 (webtiles) character file.

Game seed: 11754840263646603392

116784 qw the Marksgargoyle (level 16, -3/110 HPs)
             Began as a Gargoyle Hunter on Sept 23, 2023.
             Was a High Priest of Okawaru.
             Slain by a naga warrior
             ... wielding a +0 halberd
              (25 damage)
             ... on level 3 of the Snake Pit.
             The game lasted 00:14:44 (24558 turns).

qw the Marksgargoyle (Gargoyle Hunter)             Turns: 24558, Time: 00:14:44

Health: -3/110     AC: 37    Str: 16    XL:     16   Next: 72%
Magic:  21/23      EV: 24    Int: 11    God:    Okawaru [*****.]
Gold:   165        SH:  0    Dex: 23    Spells: 15/15 levels left

rFire   . . .        Y - +1 longbow (chaos)
rCold   + + +        (shield currently unavailable)
rNeg    + . .        h - +5 ring mail "Reerof" {Will+}
rPois   inf          n - +2 helmet of the Kodama {+Inv rC+++ rCorr Dex-2}
rElec   +            (no cloak)
rCorr   +            l - +2 pair of gloves
SInv    .            k - +1 pair of boots
Will    ++...        p - amulet of the acrobat
Stlth   +++          f - +5 ring of evasion
HPRegen 0.38/turn    t - +6 ring of dexterity
MPRegen 0.18/turn

%: acrobat
@: about to teleport, heroic, flying, constricted
A: sickness immunity, AC +12, big wings, negative energy resistance 1,
electricity resistance, torment resistance 1, petrification resistance,
iridescent scales 1
a: Renounce Religion, Evoke Invisibility, Heroism, Finesse, Duel


You were on level 3 of the Snake Pit.
You worshipped Okawaru.
Okawaru was extremely pleased with you.
You visited 5 branches of the dungeon, and saw 26 of its levels.
You visited the Abyss 1 time.

You collected 2552 gold pieces.
You spent 2387 gold pieces at shops.


Innate Abilities, Weirdness & Mutations

You are immune to sickness and miasma.
Your stone body is resilient. (AC +12)
You are immune to poison.
Your large and strong wings let you fly.
You resist negative energy. (rN+)
You are resistant to electric shocks. (rElec)
You are resistant to unholy torment.
You are immune to petrification.
You are partially covered in iridescent scales. (AC +2)


   Skills:
 - Level 16.0(21.0) Fighting
 - Level 20.0(25.0) Ranged Weapons
 - Level 10.0(15.0) Armour
 + Level 9.6(14.6) Dodging
 - Level 1.1(6.1) Stealth
 - Level 10.0 Invocations


You had 15 spell levels left.
You didn't know any spells.
Your spell library was empty.

Inventory:

Hand Weapons
 Y - a +1 longbow of chaos (weapon)
Armour
 c - a +2 leather armour of fire resistance
 h - the +5 ring mail "Reerof" (worn) {Will+}
   (You found it on level 3 of the Dungeon)

   Will+:     It increases your willpower.
 k - a +1 pair of boots (worn)
 l - a +2 pair of gloves (worn)
 n - the +2 helmet of the Kodama (worn) {+Inv rC+++ rCorr Dex-2}
   (You acquired it on level 8 of the Dungeon)

   Dex-2:     It affects your dexterity (-2).
   rC+++:     It renders you almost immune to cold.
   +Inv:      It lets you turn invisible.
   rCorr:     It protects you from acid and corrosion.
 q - a +2 hat
Jewellery
 f - a +5 ring of evasion (left hand)
 p - an amulet of the acrobat (around neck)
 t - a +6 ring of dexterity (right hand)
Scrolls
 a - 10 scrolls of identify
 i - 8 scrolls of teleportation
Potions
 b - 3 potions of magic
 d - 2 potions of resistance
 e - 13 potions of curing
 g - a potion of haste
 j - 3 potions of mutation
 m - 3 potions of might
 r - 2 potions of enlightenment
 s - 4 potions of heal wounds

Dungeon Overview and Level Annotations

Branches:
Dungeon (15/15)            Temple (1/1) D:5            Lair (5/5) D:10
 Shoals (0/4) Lair:2        Snake (3/4) Lair:2        Slime (0/5) Lair:4
    Orc (2/2) D:10            Elf (0/3) Orc:2        Vaults (0/5) D:13
 Depths (0/4) D:15

Altars:
Ashenzari
Cheibriados
Dithmenos
Elyvilon
Fedhas
Gozag
Hepliaklqana
Kikubaaqudgha
Makhleb
Nemelex Xobeh
Okawaru
Qazlal
Ru
Sif Muna
Trog
Uskayaw
Vehumet
Wu Jian
Xom
Yredelemnul
Zin
The Shining One
Jiyva

Shops:
D:3 !   D:12 !   D:14 [   Orc:1 (   Orc:2 (??!

Portals:
Trove: D:14 (show abyssal rune of Zot)

Annotations:
D:12 2 transporters, qw's ghost, journeyman GrHu
Lair:4 1 runed translucent door


Message History

The naga warrior is moderately wounded.
The anaconda grabs you.
The anaconda bites you but does no damage.
The anaconda constricts you.
The naga warrior hits you but does no damage.
The naga warrior hits you with a +0 halberd!!
The anaconda misses you. The anaconda constricts you.
You shoot an arrow. The arrow barely misses the anaconda.
The anaconda completely misses you. The anaconda constricts you.
The naga warrior hits you but does no damage.
You shoot an arrow. The arrow hits the anaconda!!
The anaconda looks as sick as possible!
The anaconda is heavily wounded.
The anaconda bites you but does no damage.
The anaconda constricts you.
The naga warrior hits you with a +0 halberd!!
The naga warrior hits you but does no damage.
24556 ||| INVOKING Heroism.
You gain the combat prowess of a mighty hero.
The anaconda misses you. The anaconda constricts you. The anaconda misses you.
The anaconda constricts you.
The naga warrior hits you with a +0 halberd!!
The naga warrior spits poison at you.
The splash of poison hits you but does no damage.
You resist.
You shoot an arrow. The arrow hits the anaconda!!
The anaconda looks as sick as possible!
The anaconda is almost dead.
The anaconda closely misses you. The anaconda constricts you.
The naga warrior hits you with a +0 halberd!
The anaconda completely misses you. The anaconda constricts you.
24558 ||| READING 9 scrolls of teleportation.
As you read the scroll of teleportation, it crumbles to dust.
You feel strangely unstable. The guardian serpent barely misses you.
The anaconda bites you but does no damage.
The anaconda constricts you.
The naga warrior hits you but does no damage.
The naga warrior hits you with a +0 halberd!!
You die...

#...### ###
#..#..#
#.#####....#
##.#.......##
....####..#
#.# #...#
###.#####...#
#.NN.)......#
#@.........#
#SS####...####
#..# ##.....#
#...# #.....#
#...## #.?...#
#.#.# #...###
#..%# ##..#
....# #..#
..... ##.#


You could see 2 naga warriors, an anaconda (extremely poisoned) and a guardian
serpent.

Vanquished Creatures
  Jorgrun (Orc:1)
  A stone giant (D:15)
  An orc warlord (Orc:2)
  Fannar (Orc:1)
  An ice dragon (D:13)
  7 hydras
  Harold (Orc:1)
  A catoblepas (Lair:5)
  An ogre mage (D:13)
  7 centaur warriors
  4 anacondas (Snake:1)
  A boulder beetle (D:12)
  4 two-headed ogres
  3 naga warriors (Snake:1)
  8 death yaks
  5 tengu warriors
  A shock serpent (Snake:3)
  5 orc high priests (Orc:2)
  8 naga sharpshooters
  Sonja (D:12)
  A skyshark (Lair:2)
  A salamander mystic (Snake:2)
  A goliath frog (Lair:5)
  A skeletal warrior (D:13)
  A deep elf archer (D:13)
  11 orc knights
  A deep elf zephyrmancer (D:13)
  7 deep elf pyromancers
  An oklob plant (Lair:5)
  2 orc sorcerers (Orc:2)
  5 ugly things
  3 salamanders (Snake:2)
  3 mana vipers
  4 manticores
  4 cyclopes
  A wolf spider (D:15)
  A salamander (shapeshifter) (D:13)
  8 black mambas
  A guardian serpent (Lair:2)
  A naga mage (Snake:2)
  10 elephants (Lair:5)
  A torpor snail (Lair:2)
  24 cane toads
  3 centaur skeletons (D:13)
  A gargoyle (D:5)
  An unseen horror (D:12)
  5 komodo dragons
  2 rime drakes
  Psyche (D:11)
  2 efreet
  3 meliai (D:13)
  6 polar bears
  2 tyrant leeches (Lair:5)
  7 trolls
  Grinder (D:4)
  11 dream sheep (Lair:5)
  22 blink frogs
  8 slime creatures
  2 spriggans (Lair:4)
  62 yaks
  A ynoxinul (Abyss:1)
  2 wyverns (Lair:2)
  2 shadows (D:11)
  5 basilisks
  2 wraiths
  3 steam dragons
  8 vampire mosquitoes
  Menkaure (D:5)
  Edmund (D:6)
  2 wargs (Orc:1)
  24 nagas
  2 acid dragons
  17 water moccasins
  47 orc warriors
  An ice beast (D:5)
  3 black bears
  16 ogres
  5 wolves
  A boggart (D:13)
  21 centaurs
  5 kobold brigands
  19 bullfrogs
  Blork the orc (D:5)
  4 scorpions
  A gnoll sergeant (D:11)
  13 wights
  4 killer bees (D:9)
  2 electric eels (Lair:5)
  4 howler monkeys
  A crimson imp (D:5)
  5 jellies
  41 orc priests
  2 gnoll boudas (D:7)
  2 hounds
  3 sleepcaps
  6 hell rats
  An iguana (D:5)
  14 orc wizards
  A boggart skeleton (D:13)
  21 gnolls
  5 adders
  An ufetubus (D:7)
  4 worms
  2 dart slugs
  135 orcs
  5 bats
  8 endoplasms
  10 giant cockroaches
  3 goblins
  4 hobgoblins
  A quokka (D:5)
  4 ball pythons
  6 frilled lizards
  21 kobolds
  7 rats
824 creatures vanquished.

Vanquished Creatures (others)
  2 kobolds (D:8)
2 creatures vanquished.

Grand Total: 826 creatures vanquished

Notes
Turn   | Place    | Note
-------+----------+-------------------------------------------
     0 | D:1      | qw the Gargoyle Hunter began the quest for the Orb.
     0 | D:1      | Reached XP level 1. HP: 12/12 MP: 1/1
     0 | D:1      | 0 ||| qw: Version: 0.3-a-83-gcd0e7d8
     0 | D:1      | 0 ||| qw: Game counter: 1665
     0 | D:1      | 0 ||| qw: Melee chars always use a shield: true
     0 | D:1      | 0 ||| qw: God list: Okawaru
     0 | D:1      | 0 ||| qw: Allow faded altars: false
     0 | D:1      | 0 ||| qw: Do Orc after clearing Dungeon:15 true
     0 | D:1      | 0 ||| qw: Do second Lair branch before Depths: true
     0 | D:1      | 0 ||| qw: Lair rune preference: random
     0 | D:1      | 0 ||| qw: Goals: Normal
     0 | D:1      | 0 ||| PLANNING D:1-11
   144 | D:1      | Reached XP level 2. HP: 17/17 MP: 2/2
   163 | D:1      | Found a faded altar of an unknown god.
   556 | D:1      | 556 ||| UPGRADING to +0 ring mail.
   566 | D:1      | 566 ||| DROPPING +0 leather armour.
   567 | D:1      | 567 ||| READING scroll labelled VYVUEW LUO.
   568 | D:1      | 568 ||| READING scroll labelled DOEKYE RIEH.
   569 | D:1      | 569 ||| DRINKING 2 orange potions.
   570 | D:1      | 570 ||| DROPPING scroll of butterflies.
   605 | D:2      | Reached XP level 3. HP: 21/21 MP: 3/3
   664 | D:2      | Reached skill level 1 in Armour
   685 | D:2      | 685 ||| FLEEEEING.
   694 | D:2      | 694 ||| FLEEEEING.
   695 | D:2      | 695 ||| FLEEEEING.
   807 | D:2      | Reached skill level 5 in Ranged Weapons
   907 | D:2      | Reached XP level 4. HP: 27/27 MP: 4/4
  1192 | D:2      | Reached skill level 3 in Fighting
  1386 | D:2      | 1386 ||| UPGRADING to +0 helmet.
  1391 | D:2      | 1391 ||| READING 2 scrolls labelled OCZUWOS FIEN.
  1392 | D:2      | 1392 ||| READING scroll labelled CEOSKU APEUPT.
  1393 | D:2      | 1393 ||| DRINKING 2 white potions.
  1423 | D:3      | Found a white marble altar of Elyvilon.
  1460 | D:3      | 1460 ||| Stepping ~*~*~tactically~*~*~ (water).
  1566 | D:3      | Identified the +5 ring mail "Reerof" {Will+}
  1645 | D:3      | Found Kururac's Distillery.
  1655 | D:3      | 1655 ||| BUYING potion of curing (42 gold).
  1655 | D:3      | Bought a potion of curing for 42 gold pieces
  1655 | D:3      | 1655 ||| BUYING potion of curing (42 gold).
  1655 | D:3      | Bought a potion of curing for 42 gold pieces
  1655 | D:3      | 1655 ||| SHOPLISTING potion of enlightenment (70 gold, have
                  | 8).
  1655 | D:3      | 1655 ||| SHOPLISTING potion of haste (140 gold, have 8).
  1655 | D:3      | 1655 ||| SHOPLISTING potion of might (56 gold, have 8).
  1683 | D:3      | 1683 ||| Stepping ~*~*~tactically~*~*~ (retreating).
  1684 | D:3      | 1684 ||| Stepping ~*~*~tactically~*~*~ (retreating).
  1685 | D:3      | 1685 ||| Stepping ~*~*~tactically~*~*~ (retreating).
  1686 | D:3      | 1686 ||| Stepping ~*~*~tactically~*~*~ (retreating).
  1687 | D:3      | 1687 ||| RETREEAATING.
  1693 | D:3      | 1693 ||| Stepping ~*~*~tactically~*~*~ (retreating).
  1694 | D:3      | 1694 ||| Stepping ~*~*~tactically~*~*~ (retreating).
  1695 | D:3      | 1695 ||| Stepping ~*~*~tactically~*~*~ (retreating).
  1696 | D:3      | 1696 ||| Stepping ~*~*~tactically~*~*~ (retreating).
  1697 | D:3      | 1697 ||| Stepping ~*~*~tactically~*~*~ (retreating).
  1698 | D:3      | 1698 ||| Stepping ~*~*~tactically~*~*~ (retreating).
  1699 | D:3      | HP: 2/28 [orc priest/divine providence (11)]
  1700 | D:3      | 1700 ||| DRINKING potion of heal wounds.
  1712 | D:3      | HP: 6/28 [orc priest/divine providence (12)]
  1717 | D:3      | Reached XP level 5. HP: 7/32 MP: 5/5
  2006 | D:3      | Reached skill level 6 in Ranged Weapons
  2297 | D:3      | 2297 ||| UPGRADING to +5 ring mail "Reerof" {Will+}.
  2307 | D:3      | 2307 ||| DROPPING +0 ring mail.
  2308 | D:3      | 2308 ||| READING scroll labelled ZOZITY ILOAVE.
  2309 | D:3      | 2309 ||| READING scroll labelled KARUEBE ICLEEZ.
  2410 | D:3      | 2410 ||| DRINKING 3 brown potions.
  2410 | D:3      | Gained mutation: You are partially covered in iridescent
                  | scales. (AC +2) [potion of mutation]
  2411 | D:3      | 2411 ||| READING 2 scrolls of identify.
  2411 | D:3      | 2411 ||| IDENTIFYING glowing green potion
  2412 | D:3      | 2412 ||| DROPPING potion of lignification.
  2452 | D:4      | Noticed an ogre
  2470 | D:4      | Killed an ogre
  2471 | D:4      | Reached XP level 6. HP: 24/39 MP: 6/6
  2484 | Abyss:1  | Cast into level 1 of the Abyss (orc)
  2583 | Abyss:1  | Noticed a ynoxinul
  2586 | Abyss:1  | 2586 ||| RETREEAATING.
  2589 | Abyss:1  | 2589 ||| Stepping ~*~*~tactically~*~*~ (retreating).
  2601 | Abyss:1  | Killed a ynoxinul
  2624 | D:4      | Escaped the Abyss
  2745 | D:4      | Noticed Grinder
  2764 | D:4      | Killed Grinder
  2765 | D:4      | Reached skill level 7 in Ranged Weapons
  2765 | D:4      | Reached XP level 7. HP: 44/44 MP: 7/7
  2900 | D:4      | Reached skill level 8 in Ranged Weapons
  3406 | D:4      | Found a shimmering blue altar of Sif Muna.
  3434 | D:4      | 3434 ||| READING scroll labelled MATANN RIPHOVI.
  3446 | D:5      | Entered Level 5 of the Dungeon
  3448 | D:5      | 3448 ||| STAIRDANCE
  3466 | D:5      | 3466 ||| STAIRDANCE
  3495 | D:5      | Noticed Menkaure
  3506 | D:5      | Killed Menkaure
  3507 | D:5      | Reached XP level 8. HP: 51/51 MP: 8/8
  3603 | D:5      | Found a staircase to the Ecumenical Temple.
  3604 | D:5      | 3604 ||| PLANNING TEMPLE
  3604 | D:5      | 3604 ||| UPGRADING to +5 ring of evasion.
  3605 | D:5      | 3605 ||| READING scroll labelled KURHAG PAEKKU.
  3618 | Temple   | Entered the Ecumenical Temple
  3619 | Temple   | 3619 ||| PLANNING D:1-11
  3917 | D:5      | Found a faded altar of an unknown god.
  3928 | D:5      | 3928 ||| READING scroll of enchant weapon.
  3928 | D:5      | 3928 ||| ENCHANTING +1 shortbow.
  3980 | D:5      | 3980 ||| Stepping ~*~*~tactically~*~*~ (retreating).
  3982 | D:5      | 3982 ||| Stepping ~*~*~tactically~*~*~ (retreating).
  3983 | D:5      | 3983 ||| Stepping ~*~*~tactically~*~*~ (retreating).
  3984 | D:5      | 3984 ||| Stepping ~*~*~tactically~*~*~ (retreating).
  3988 | D:5      | Reached skill level 9 in Ranged Weapons
  4037 | D:5      | Noticed a gargoyle
  4046 | D:5      | HP: 8/51 [gargoyle/+0 flail (10)]
  4047 | D:5      | 4047 ||| DRINKING 2 potions of heal wounds.
  4054 | D:5      | HP: 7/51 [gargoyle/+0 flail (14)]
  4055 | D:5      | 4055 ||| DRINKING potion of heal wounds.
  4056 | D:5      | HP: 3/51 [gargoyle/+0 flail (11)]
  4062 | D:5      | Killed a gargoyle
  4247 | D:5      | Noticed Blork the orc
  4256 | D:5      | Killed Blork the orc
  4372 | D:5      | Reached XP level 9. HP: 57/57 MP: 9/9
  4461 | D:5      | Found an iron altar of Okawaru.
  4462 | D:5      | 4462 ||| PLANNING OKAWARU WORSHIP
  4462 | D:5      | 4462 ||| READING scroll labelled NOELOI YSIGUB.
  4463 | D:5      | 4463 ||| READING scroll labelled NUKLIHAE BETI.
  4463 | D:5      | Identified a scroll of acquirement
  4463 | D:5      | 4463 ||| ACQUIRING +3 shortbow "Doisy" {drain, Dex+3}
  4463 | D:5      | Acquired the +3 shortbow "Doisy" {drain, Dex+3}
  4465 | D:5      | 4465 ||| SWAPPING to +3 shortbow "Doisy" {drain, Dex+3}.
  4466 | D:5      | 4466 ||| DROPPING +2 shortbow.
  4474 | D:5      | Became a worshipper of Warmaster Okawaru
  4475 | D:5      | 4475 ||| PLANNING D:1-11
  4524 | D:5      | Found a burning altar of Makhleb.
  4530 | D:5      | Found a radiant altar of Vehumet.
  4673 | D:6      | Found a hide-covered altar of Uskayaw.
  4677 | D:6      | Noticed Edmund
  4688 | D:6      | Killed Edmund
  4689 | D:6      | Reached skill level 10 in Ranged Weapons
  4704 | D:6      | 4704 ||| FLEEEEING.
  4705 | D:6      | 4705 ||| FLEEEEING.
  4707 | D:6      | 4707 ||| FLEEEEING.
  4710 | D:6      | 4710 ||| FLEEEEING.
  4711 | D:6      | 4711 ||| FLEEEEING.
  4712 | D:6      | 4712 ||| FLEEEEING.
  4713 | D:6      | 4713 ||| FLEEEEING.
  4714 | D:6      | 4714 ||| FLEEEEING.
  4715 | D:6      | 4715 ||| FLEEEEING.
  4716 | D:6      | 4716 ||| FLEEEEING.
  4717 | D:6      | 4717 ||| FLEEEEING.
  4718 | D:6      | 4718 ||| FLEEEEING.
  4719 | D:6      | 4719 ||| FLEEEEING.
  4814 | D:6      | Found a bloodstained altar of Trog.
  4865 | D:6      | Found an ornate altar of the Wu Jian Council.
  5149 | D:6      | Reached skill level 3 in Dodging
  5163 | D:6      | Found a glowing golden altar of the Shining One.
  5446 | D:6      | 5446 ||| READING scroll labelled XAHUAQ GOANLI.
  5489 | D:7      | 5489 ||| STAIRDANCE
  5532 | D:7      | 5532 ||| RETREEAATING.
  5534 | D:7      | 5534 ||| Stepping ~*~*~tactically~*~*~ (retreating).
  5535 | D:7      | 5535 ||| Stepping ~*~*~tactically~*~*~ (retreating).
  5536 | D:7      | 5536 ||| Stepping ~*~*~tactically~*~*~ (retreating).
  5537 | D:7      | 5537 ||| Stepping ~*~*~tactically~*~*~ (retreating).
  5538 | D:7      | 5538 ||| Stepping ~*~*~tactically~*~*~ (retreating).
  5539 | D:7      | 5539 ||| Stepping ~*~*~tactically~*~*~ (retreating).
  5540 | D:7      | 5540 ||| Stepping ~*~*~tactically~*~*~ (retreating).
  5551 | D:7      | Reached * piety under Okawaru
  5602 | D:7      | 5602 ||| INVOKING Heroism.
  5603 | D:7      | 5603 ||| INVOKING Heroism.
  5653 | D:7      | Reached skill level 11 in Ranged Weapons
  5676 | D:7      | 5676 ||| INVOKING Heroism.
  5679 | D:7      | Reached skill level 3 in Armour
  5743 | D:7      | 5743 ||| INVOKING Heroism.
  5843 | D:7      | Noticed a two-headed ogre
  5845 | D:7      | 5845 ||| INVOKING Heroism.
  5846 | D:7      | 5846 ||| INVOKING Heroism.
  5853 | D:7      | Killed a two-headed ogre
  5854 | D:7      | Reached skill level 12 in Ranged Weapons
  5854 | D:7      | Reached XP level 10. HP: 64/64 MP: 7/10
  5873 | D:7      | Found a sparkling altar of Nemelex Xobeh.
  5887 | D:7      | Found a hazy altar of Hepliaklqana.
  5888 | D:7      | Found a shimmering altar of Xom.
  5889 | D:7      | Noticed a spectral ugly thing
  5936 | D:7      | 5936 ||| INVOKING Heroism.
  6363 | D:8      | 6363 ||| RETREEAATING.
  6366 | D:8      | 6366 ||| Stepping ~*~*~tactically~*~*~ (retreating).
  6367 | D:8      | 6367 ||| Stepping ~*~*~tactically~*~*~ (retreating).
  6368 | D:8      | 6368 ||| Stepping ~*~*~tactically~*~*~ (retreating).
  6369 | D:8      | 6369 ||| Stepping ~*~*~tactically~*~*~ (retreating).
  6370 | D:8      | 6370 ||| Stepping ~*~*~tactically~*~*~ (retreating).
  6371 | D:8      | 6371 ||| STILL RETREEAATING.
  6372 | D:8      | 6372 ||| Stepping ~*~*~tactically~*~*~ (retreating).
  6373 | D:8      | 6373 ||| STILL RETREEAATING.
  6374 | D:8      | 6374 ||| Stepping ~*~*~tactically~*~*~ (retreating).
  6392 | D:8      | Reached skill level 1 in Invocations
  6457 | D:8      | 6457 ||| READING scroll of acquirement.
  6457 | D:8      | 6457 ||| ACQUIRING +2 helmet of the Kodama {+Inv rC+++
                  | rCorr Dex-2}
  6457 | D:8      | Acquired the +2 helmet of the Kodama {+Inv rC+++ rCorr
                  | Dex-2}
  6459 | D:8      | 6459 ||| UPGRADING to +2 helmet of the Kodama {+Inv rC+++
                  | rCorr Dex-2}.
  6628 | D:8      | 6628 ||| DROPPING +1 ring mail of positive energy.
  6772 | D:9      | 6772 ||| RETREEAATING.
  6791 | D:9      | Reached skill level 3 in Invocations
  6900 | D:9      | 6900 ||| INVOKING Heroism.
  6925 | D:9      | Found a shadowy altar of Dithmenos.
  6944 | D:9      | 6944 ||| RETREEAATING.
  6945 | D:9      | 6945 ||| INVOKING Heroism.
  7324 | D:9      | 7324 ||| RETREEAATING.
  7326 | D:9      | 7326 ||| RETREEAATING.
  7390 | D:9      | Reached ** piety under Okawaru
  7427 | D:9      | 7427 ||| RETREEAATING.
  7429 | D:9      | 7429 ||| RETREEAATING.
  7431 | D:9      | 7431 ||| Stepping ~*~*~tactically~*~*~ (retreating).
  7448 | D:9      | 7448 ||| FLEEEEING.
  7449 | D:9      | 7449 ||| FLEEEEING.
  7450 | D:9      | 7450 ||| FLEEEEING.
  7451 | D:9      | 7451 ||| FLEEEEING.
  7452 | D:9      | 7452 ||| FLEEEEING.
  7453 | D:9      | 7453 ||| FLEEEEING.
  7454 | D:9      | 7454 ||| FLEEEEING.
  7463 | D:9      | Reached skill level 13 in Ranged Weapons
  7567 | D:9      | 7567 ||| DROPPING amulet of guardian spirit.
  7568 | D:9      | 7568 ||| READING scroll labelled MEJOAL YDEYCW.
  7581 | D:10     | Entered Level 10 of the Dungeon
  7632 | D:10     | Noticed a death yak
  7633 | D:10     | 7633 ||| INVOKING Heroism.
  7633 | D:10     | Noticed a death yak
  7634 | D:10     | 7634 ||| RETREEAATING.
  7639 | D:10     | 7639 ||| STILL RETREEAATING.
  7642 | D:10     | 7642 ||| Stepping ~*~*~tactically~*~*~ (retreating).
  7647 | D:10     | Killed a death yak
  7648 | D:10     | Reached skill level 9 in Fighting
  7649 | D:10     | Noticed a death yak
  7658 | D:10     | Killed a death yak
  7658 | D:10     | Reached *** piety under Okawaru
  7659 | D:10     | Reached XP level 11. HP: 53/71 MP: 14/14
  7663 | D:10     | 7663 ||| INVOKING Heroism.
  7674 | D:10     | Killed a death yak
  7688 | D:10     | 7688 ||| INVOKING Heroism.
  7688 | D:10     | HP: 8/71 [orc priest/divine providence (10)]
  7689 | D:10     | 7689 ||| READING 5 scrolls of teleportation.
  7694 | D:10     | 7694 ||| FLEEEEING.
  7918 | D:10     | 7918 ||| INVOKING Heroism.
  7941 | D:10     | Found a staircase to the Lair.
  8022 | D:10     | Found a staircase to the Orcish Mines.
  8080 | D:10     | 8080 ||| INVOKING Heroism.
  8284 | D:10     | 8284 ||| RETREEAATING.
  8286 | D:10     | 8286 ||| STILL RETREEAATING.
  8288 | D:10     | Reached skill level 14 in Ranged Weapons
  8291 | D:10     | 8291 ||| STILL RETREEAATING.
  8293 | D:10     | 8293 ||| Stepping ~*~*~tactically~*~*~ (retreating).
  8300 | D:10     | 8300 ||| Stepping ~*~*~tactically~*~*~ (retreating).
  8302 | D:10     | 8302 ||| Stepping ~*~*~tactically~*~*~ (retreating).
  8303 | D:10     | 8303 ||| Stepping ~*~*~tactically~*~*~ (retreating).
  8381 | D:10     | 8381 ||| INVOKING Heroism.
  8399 | D:10     | Reached **** piety under Okawaru
  8619 | D:10     | Found a sacrificial altar of Ru.
  8735 | D:10     | 8735 ||| PLANNING LAIR
  8735 | D:10     | 8735 ||| UPGRADING to +6 ring of dexterity.
  8759 | Lair:1   | Entered Level 1 of the Lair of Beasts
  8924 | Lair:1   | 8924 ||| INVOKING Heroism.
  9047 | Lair:1   | 9047 ||| INVOKING Heroism.
  9088 | Lair:1   | 9088 ||| RETREEAATING.
  9089 | Lair:1   | 9089 ||| STILL RETREEAATING.
  9090 | Lair:1   | 9090 ||| STILL RETREEAATING.
  9091 | Lair:1   | 9091 ||| STILL RETREEAATING.
  9092 | Lair:1   | 9092 ||| STILL RETREEAATING.
  9093 | Lair:1   | 9093 ||| STILL RETREEAATING.
  9096 | Lair:1   | 9096 ||| Stepping ~*~*~tactically~*~*~ (retreating).
  9142 | Lair:1   | Reached skill level 6 in Invocations
  9142 | Lair:1   | 9142 ||| FLEEEEING.
  9143 | Lair:1   | 9143 ||| FLEEEEING.
  9144 | Lair:1   | 9144 ||| FLEEEEING.
  9145 | Lair:1   | 9145 ||| FLEEEEING.
  9146 | Lair:1   | 9146 ||| FLEEEEING.
  9148 | Lair:1   | 9148 ||| FLEEEEING.
  9178 | Lair:1   | 9178 ||| RETREEAATING.
  9179 | Lair:1   | 9179 ||| INVOKING Heroism.
  9180 | Lair:1   | 9180 ||| STILL RETREEAATING.
  9181 | Lair:1   | 9181 ||| STILL RETREEAATING.
  9182 | Lair:1   | 9182 ||| STILL RETREEAATING.
  9184 | Lair:1   | 9184 ||| Stepping ~*~*~tactically~*~*~ (retreating).
  9196 | Lair:1   | Reached XP level 12. HP: 74/77 MP: 16/16
  9209 | Lair:1   | Reached ***** piety under Okawaru
  9210 | Lair:1   | Reached skill level 6 in Dodging
  9762 | Lair:1   | 9762 ||| READING scroll labelled HUFAHUC FEOKHLOEZ.
  9763 | Lair:1   | 9763 ||| DRINKING 2 sedimented clear potions.
  9835 | Lair:2   | 9835 ||| RETREEAATING.
  9836 | Lair:2   | 9836 ||| STILL RETREEAATING.
  9837 | Lair:2   | 9837 ||| STILL RETREEAATING.
  9838 | Lair:2   | 9838 ||| STILL RETREEAATING.
  9839 | Lair:2   | 9839 ||| STILL RETREEAATING.
  9844 | Lair:2   | 9844 ||| INVOKING Heroism.
  9854 | Lair:2   | Noticed a death yak
  9854 | Lair:2   | 9854 ||| INVOKING Finesse.
  9911 | Lair:2   | 9911 ||| INVOKING Finesse.
  9912 | Lair:2   | 9912 ||| INVOKING Heroism.
  9921 | Lair:2   | Killed a death yak
  9921 | Lair:2   | Received a gift from Okawaru
  9985 | Lair:2   | 9985 ||| SWAPPING to +0 orcbow.
  9986 | Lair:2   | 9986 ||| DROPPING +3 shortbow "Doisy" {drain, Dex+3}.
  9987 | Lair:2   | 9987 ||| READING scroll of enchant weapon.
  9987 | Lair:2   | 9987 ||| ENCHANTING +0 orcbow.
 10005 | Lair:2   | Found a staircase to the Shoals.
 10023 | Lair:2   | 10023 ||| INVOKING Heroism.
 10177 | Lair:2   | 10177 ||| Stepping ~*~*~tactically~*~*~ (retreating).
 10178 | Lair:2   | 10178 ||| Stepping ~*~*~tactically~*~*~ (retreating).
 10179 | Lair:2   | 10179 ||| Stepping ~*~*~tactically~*~*~ (retreating).
 10180 | Lair:2   | 10180 ||| Stepping ~*~*~tactically~*~*~ (retreating).
 10181 | Lair:2   | 10181 ||| Stepping ~*~*~tactically~*~*~ (retreating).
 10197 | Lair:2   | 10197 ||| INVOKING Heroism.
 10210 | Lair:2   | Reached skill level 9 in Invocations
 10444 | Lair:2   | 10444 ||| INVOKING Heroism.
 10580 | Lair:2   | 10580 ||| RETREEAATING.
 10581 | Lair:2   | 10581 ||| STILL RETREEAATING.
 10584 | Lair:2   | 10584 ||| STILL RETREEAATING.
 10602 | Lair:2   | Found a staircase to the Snake Pit.
 10879 | Lair:2   | Noticed a skyshark
 10889 | Lair:2   | Killed a skyshark
 10999 | Lair:2   | 10999 ||| READING scroll labelled LUWA KAARPH.
 11000 | Lair:2   | 11000 ||| DRINKING 2 clear potions.
 11001 | Lair:2   | 11001 ||| READING 2 scrolls of identify.
 11001 | Lair:2   | 11001 ||| IDENTIFYING sapphire potion
 11002 | Lair:2   | 11002 ||| DROPPING potion of brilliance.
 11003 | Lair:2   | 11003 ||| DROPPING potion of degeneration.
 11048 | Lair:3   | 11048 ||| INVOKING Heroism.
 11049 | Lair:3   | 11049 ||| STAIRDANCE
 11224 | Lair:3   | Reached skill level 15 in Ranged Weapons
 11239 | Lair:3   | Reached XP level 13. HP: 84/84 MP: 20/20
 11280 | Lair:3   | 11280 ||| INVOKING Heroism.
 11311 | Lair:3   | 11311 ||| RETREEAATING.
 11720 | Lair:3   | 11720 ||| INVOKING Heroism.
 11806 | Lair:3   | 11806 ||| DROPPING +2 ring mail of poison resistance.
 11864 | Lair:4   | Found a runed translucent door.
 11864 | Lair:4   | Found a viscous altar of Jiyva.
 11865 | Lair:4   | Found a staircase to the Slime Pits.
 12020 | Lair:4   | 12020 ||| RETREEAATING.
 12021 | Lair:4   | 12021 ||| STILL RETREEAATING.
 12023 | Lair:4   | 12023 ||| STILL RETREEAATING.
 12024 | Lair:4   | 12024 ||| STILL RETREEAATING.
 12026 | Lair:4   | 12026 ||| STILL RETREEAATING.
 12027 | Lair:4   | 12027 ||| STILL RETREEAATING.
 12029 | Lair:4   | 12029 ||| STILL RETREEAATING.
 12030 | Lair:4   | 12030 ||| STILL RETREEAATING.
 12031 | Lair:4   | 12031 ||| STILL RETREEAATING.
 12032 | Lair:4   | 12032 ||| STILL RETREEAATING.
 12040 | Lair:4   | 12040 ||| INVOKING Heroism.
 12046 | Lair:4   | Reached skill level 16 in Ranged Weapons
 12103 | Lair:4   | 12103 ||| INVOKING Heroism.
 12360 | Lair:4   | 12360 ||| INVOKING Heroism.
 12363 | Lair:4   | 12363 ||| RETREEAATING.
 12364 | Lair:4   | 12364 ||| STAIRDANCE
 12372 | Lair:3   | 12372 ||| UPGRADING to +0 pair of boots.
 12377 | Lair:3   | 12377 ||| DROPPING ring of positive energy.
 12378 | Lair:3   | 12378 ||| READING scroll labelled APEEGU HEWILE.
 12379 | Lair:3   | 12379 ||| DRINKING 2 lumpy yellow potions.
 12484 | Lair:3   | 12484 ||| DROPPING potion of berserk rage.
 12491 | Lair:4   | 12491 ||| STAIRDANCE
 12493 | Lair:3   | 12493 ||| INVOKING Heroism.
 12572 | Lair:4   | 12572 ||| STAIRDANCE
 12604 | Lair:4   | 12604 ||| STAIRDANCE
 12718 | Lair:4   | Reached skill level 6 in Armour
 12757 | Lair:4   | 12757 ||| RETREEAATING.
 12776 | Lair:4   | 12776 ||| INVOKING Heroism.
 13099 | Lair:5   | Entered Level 5 of the Lair of Beasts
 13100 | Lair:5   | 13100 ||| INVOKING Heroism.
 13101 | Lair:5   | 13101 ||| STAIRDANCE
 13113 | Lair:5   | 13113 ||| STAIRDANCE
 13115 | Lair:4   | 13115 ||| INVOKING Finesse.
 13153 | Lair:5   | 13153 ||| STAIRDANCE
 13155 | Lair:4   | 13155 ||| INVOKING Heroism.
 13178 | Lair:5   | 13178 ||| STAIRDANCE
 13190 | Lair:4   | Reached skill level 12 in Fighting
 13223 | Lair:5   | 13223 ||| STAIRDANCE
 13225 | Lair:4   | 13225 ||| INVOKING Heroism.
 13226 | Lair:4   | 13226 ||| INVOKING Finesse.
 13286 | Lair:5   | 13286 ||| INVOKING Heroism.
 13292 | Lair:5   | 13292 ||| STAIRDANCE
 13344 | Lair:5   | 13344 ||| INVOKING Finesse.
 13364 | Lair:5   | 13364 ||| INVOKING Heroism.
 13452 | Lair:5   | 13452 ||| INVOKING Heroism.
 13562 | Lair:5   | 13562 ||| INVOKING Heroism.
 13578 | Lair:5   | 13578 ||| RETREEAATING.
 13580 | Lair:5   | 13580 ||| STILL RETREEAATING.
 13583 | Lair:5   | 13583 ||| STILL RETREEAATING.
 13602 | Lair:5   | 13602 ||| RETREEAATING.
 13605 | Lair:5   | 13605 ||| STILL RETREEAATING.
 13652 | Lair:5   | 13652 ||| INVOKING Heroism.
 13676 | Lair:5   | Gained mutation: Your large and strong wings let you fly.
                  | [Gargoyle growth]
 13676 | Lair:5   | Reached XP level 14. HP: 94/94 MP: 21/21
 13700 | Lair:5   | 13700 ||| READING scroll of enchant armour.
 13700 | Lair:5   | 13700 ||| ENCHANTING +0 pair of boots.
 13722 | Lair:5   | Received a gift from Okawaru
 13763 | Lair:5   | 13763 ||| INVOKING Heroism.
 13764 | Lair:5   | 13764 ||| RETREEAATING.
 13766 | Lair:5   | 13766 ||| STILL RETREEAATING.
 13777 | Lair:5   | 13777 ||| Stepping ~*~*~tactically~*~*~ (retreating).
 13778 | Lair:5   | 13778 ||| Stepping ~*~*~tactically~*~*~ (retreating).
 13779 | Lair:5   | 13779 ||| Stepping ~*~*~tactically~*~*~ (retreating).
 13780 | Lair:5   | 13780 ||| Stepping ~*~*~tactically~*~*~ (retreating).
 13781 | Lair:5   | 13781 ||| Stepping ~*~*~tactically~*~*~ (retreating).
 13782 | Lair:5   | 13782 ||| Stepping ~*~*~tactically~*~*~ (retreating).
 13783 | Lair:5   | 13783 ||| Stepping ~*~*~tactically~*~*~ (retreating).
 13784 | Lair:5   | 13784 ||| Stepping ~*~*~tactically~*~*~ (retreating).
 13785 | Lair:5   | 13785 ||| Stepping ~*~*~tactically~*~*~ (retreating).
 13788 | Lair:5   | 13788 ||| Stepping ~*~*~tactically~*~*~ (retreating).
 13802 | Lair:5   | 13802 ||| INVOKING Heroism.
 13828 | Lair:5   | 13828 ||| RETREEAATING.
 13829 | Lair:5   | 13829 ||| STILL RETREEAATING.
 13830 | Lair:5   | 13830 ||| STILL RETREEAATING.
 13831 | Lair:5   | 13831 ||| Stepping ~*~*~tactically~*~*~ (retreating).
 13832 | Lair:5   | 13832 ||| Stepping ~*~*~tactically~*~*~ (retreating).
 13833 | Lair:5   | 13833 ||| Stepping ~*~*~tactically~*~*~ (retreating).
 13847 | Lair:5   | 13847 ||| INVOKING Heroism.
 13862 | Lair:5   | 13862 ||| INVOKING Heroism.
 13877 | Lair:5   | 13877 ||| RETREEAATING.
 13878 | Lair:5   | 13878 ||| STILL RETREEAATING.
 13879 | Lair:5   | 13879 ||| Stepping ~*~*~tactically~*~*~ (retreating).
 13880 | Lair:5   | 13880 ||| Stepping ~*~*~tactically~*~*~ (retreating).
 13898 | Lair:5   | 13898 ||| INVOKING Heroism.
 14072 | Lair:5   | 14072 ||| INVOKING Heroism.
 14117 | Lair:5   | 14117 ||| INVOKING Heroism.
 14141 | Lair:5   | 14141 ||| RETREEAATING.
 14145 | Lair:5   | 14145 ||| STILL RETREEAATING.
 14146 | Lair:5   | 14146 ||| STILL RETREEAATING.
 14147 | Lair:5   | 14147 ||| STILL RETREEAATING.
 14148 | Lair:5   | 14148 ||| STILL RETREEAATING.
 14149 | Lair:5   | 14149 ||| STILL RETREEAATING.
 14151 | Lair:5   | 14151 ||| STILL RETREEAATING.
 14152 | Lair:5   | 14152 ||| STILL RETREEAATING.
 14227 | Lair:5   | 14227 ||| RETREEAATING.
 14228 | Lair:5   | 14228 ||| STILL RETREEAATING.
 14229 | Lair:5   | 14229 ||| STILL RETREEAATING.
 14230 | Lair:5   | 14230 ||| STILL RETREEAATING.
 14231 | Lair:5   | 14231 ||| STILL RETREEAATING.
 14232 | Lair:5   | 14232 ||| STILL RETREEAATING.
 14233 | Lair:5   | 14233 ||| STILL RETREEAATING.
 14234 | Lair:5   | 14234 ||| STILL RETREEAATING.
 14235 | Lair:5   | 14235 ||| STILL RETREEAATING.
 14236 | Lair:5   | 14236 ||| Stepping ~*~*~tactically~*~*~ (retreating).
 14237 | Lair:5   | 14237 ||| Stepping ~*~*~tactically~*~*~ (retreating).
 14238 | Lair:5   | 14238 ||| Stepping ~*~*~tactically~*~*~ (retreating).
 14240 | Lair:5   | 14240 ||| Stepping ~*~*~tactically~*~*~ (retreating).
 14241 | Lair:5   | 14241 ||| Stepping ~*~*~tactically~*~*~ (retreating).
 14243 | Lair:5   | 14243 ||| Stepping ~*~*~tactically~*~*~ (retreating).
 14244 | Lair:5   | 14244 ||| Stepping ~*~*~tactically~*~*~ (retreating).
 14417 | Lair:5   | 14417 ||| INVOKING Heroism.
 14626 | Lair:5   | 14626 ||| PLANNING D:1-11
 14626 | Lair:5   | 14626 ||| DRINKING 2 fuming emerald potions.
 14627 | Lair:5   | 14627 ||| READING 3 scrolls of identify.
 14627 | Lair:5   | 14627 ||| IDENTIFYING golden potion
 14628 | Lair:5   | 14628 ||| DROPPING potion of attraction.
 15029 | D:11     | Noticed Psyche
 15034 | D:11     | Killed Psyche
 15432 | D:11     | 15432 ||| PLANNING D
 15432 | D:11     | 15432 ||| DRINKING 2 fuming purple potions.
 15433 | D:11     | 15433 ||| DROPPING potion of invisibility.
 15489 | D:12     | 15489 ||| Stepping randomly (disturbance).
 15490 | D:12     | 15490 ||| Stepping randomly (disturbance).
 15491 | D:12     | 15491 ||| Stepping randomly (disturbance).
 15504 | D:12     | 15504 ||| Stepping randomly (disturbance).
 15505 | D:12     | 15505 ||| Stepping randomly (disturbance).
 15527 | D:12     | 15527 ||| Stepping randomly (disturbance).
 15528 | D:12     | 15528 ||| Stepping randomly (disturbance).
 15634 | D:12     | Found Zetaud Naeg's Distillery.
 15638 | D:12     | 15638 ||| BUYING potion of curing (45 gold).
 15638 | D:12     | Bought a potion of curing for 45 gold pieces
 15638 | D:12     | 15638 ||| BUYING potion of enlightenment (75 gold).
 15638 | D:12     | Bought a potion of enlightenment for 75 gold pieces
 15638 | D:12     | 15638 ||| BUYING potion of magic (120 gold).
 15638 | D:12     | Bought a potion of magic for 120 gold pieces
 15638 | D:12     | 15638 ||| BUYING potion of magic (120 gold).
 15638 | D:12     | Bought a potion of magic for 120 gold pieces
 15638 | D:12     | 15638 ||| BUYING potion of might (60 gold).
 15638 | D:12     | Bought a potion of might for 60 gold pieces
 15638 | D:12     | 15638 ||| BUYING potion of mutation (120 gold).
 15638 | D:12     | Bought a potion of mutation for 120 gold pieces
 15652 | D:12     | Noticed Sonja
 15658 | D:12     | 15658 ||| INVOKING Heroism.
 15660 | D:12     | Killed Sonja
 15661 | D:12     | Reached skill level 15 in Fighting
 15790 | D:12     | Found a transporter.
 15799 | D:12     | Noticed qw's ghost (journeyman GrHu)
 15808 | D:12     | 15808 ||| INVOKING Heroism.
 15852 | D:12     | Noticed a sphinx
 15867 | D:12     | Found a transporter.
 15974 | D:12     | 15974 ||| RETREEAATING.
 15975 | D:12     | 15975 ||| STILL RETREEAATING.
 15977 | D:12     | 15977 ||| STILL RETREEAATING.
 15987 | D:12     | 15987 ||| INVOKING Heroism.
 16288 | D:12     | Reached skill level 9 in Dodging
 16539 | D:12     | 16539 ||| UPGRADING to +0 pair of gloves.
 16544 | D:12     | 16544 ||| DROPPING +1 robe of cold resistance.
 16612 | D:13     | Found a frozen archway.
 16622 | D:13     | 16622 ||| INVOKING Heroism.
 16729 | D:13     | 16729 ||| FLEEEEING.
 16730 | D:13     | 16730 ||| FLEEEEING.
 16733 | D:13     | 16733 ||| FLEEEEING.
 16734 | D:13     | 16734 ||| FLEEEEING.
 16736 | D:13     | 16736 ||| FLEEEEING.
 16737 | D:13     | 16737 ||| FLEEEEING.
 16738 | D:13     | 16738 ||| STAIRDANCE
 16804 | D:13     | Reached skill level 9 in Armour
 16804 | D:13     | 16804 ||| STAIRDANCE
 16869 | D:13     | 16869 ||| READING scroll of brand weapon.
 16869 | D:13     | 16869 ||| BRANDING +1 orcbow of draining.
 16894 | D:13     | Reached XP level 15. HP: 102/103 MP: 22/22
 16897 | D:13     | 16897 ||| Stepping ~*~*~tactically~*~*~ (retreating).
 16898 | D:13     | 16898 ||| Stepping ~*~*~tactically~*~*~ (retreating).
 16900 | D:13     | 16900 ||| Stepping ~*~*~tactically~*~*~ (retreating).
 16901 | D:13     | 16901 ||| INVOKING Heroism.
 16910 | D:13     | 16910 ||| Stepping ~*~*~tactically~*~*~ (retreating).
 16963 | D:13     | Received a gift from Okawaru
 16969 | D:13     | 16969 ||| INVOKING Finesse.
 16974 | D:13     | 16974 ||| INVOKING Heroism.
 17115 | D:13     | 17115 ||| SWAPPING to +0 longbow.
 17116 | D:13     | 17116 ||| DROPPING +1 orcbow of flaming.
 17191 | D:13     | Found a gate to the Vaults.
 17279 | D:13     | 17279 ||| INVOKING Heroism.
 17283 | D:13     | 17283 ||| RETREEAATING.
 17495 | D:13     | 17495 ||| DROPPING +2 robe of fire resistance.
 17496 | D:13     | 17496 ||| UPGRADING to amulet of the acrobat.
 17512 | D:14     | 17512 ||| STAIRDANCE
 17521 | D:14     | 17521 ||| STAIRDANCE
 17533 | D:14     | 17533 ||| STAIRDANCE
 17599 | D:14     | 17599 ||| STAIRDANCE
 17647 | D:14     | 17647 ||| STAIRDANCE
 17865 | D:14     | 17865 ||| READING scroll of brand weapon.
 17865 | D:14     | 17865 ||| BRANDING +0 longbow.
 17908 | D:14     | Found Jifeoz's Armour Shoppe.
 17922 | D:14     | 17922 ||| BUYING +2 leather armour of fire resistance (285
                  | gold).
 17922 | D:14     | Bought a +2 leather armour of fire resistance for 285 gold
                  | pieces
 17957 | D:14     | 17957 ||| INVOKING Heroism.
 18138 | D:14     | 18138 ||| INVOKING Heroism.
 18142 | D:14     | 18142 ||| Stepping ~*~*~tactically~*~*~ (retreating).
 18146 | D:14     | 18146 ||| Stepping ~*~*~tactically~*~*~ (retreating).
 18384 | D:14     | 18384 ||| Stepping ~*~*~tactically~*~*~ (retreating).
 18393 | D:14     | 18393 ||| Stepping ~*~*~tactically~*~*~ (retreating).
 18613 | D:14     | Reached skill level 17 in Ranged Weapons
 18723 | D:14     | Found a portal to a secret trove of treasure.
 18831 | D:14     | 18831 ||| DROPPING +1 leather armour of fire resistance.
 18874 | D:15     | Entered Level 15 of the Dungeon
 18880 | D:15     | Received a gift from Okawaru
 19020 | D:15     | 19020 ||| FLEEEEING.
 19021 | D:15     | 19021 ||| FLEEEEING.
 19022 | D:15     | 19022 ||| FLEEEEING.
 19023 | D:15     | 19023 ||| FLEEEEING.
 19024 | D:15     | 19024 ||| FLEEEEING.
 19025 | D:15     | 19025 ||| FLEEEEING.
 19026 | D:15     | 19026 ||| FLEEEEING.
 19027 | D:15     | 19027 ||| FLEEEEING.
 19028 | D:15     | 19028 ||| FLEEEEING.
 19029 | D:15     | 19029 ||| FLEEEEING.
 19030 | D:15     | 19030 ||| FLEEEEING.
 19106 | D:15     | Identified the +8 morningstar "Juqeilutt" {drain, Dex+3}
 19382 | D:15     | 19382 ||| FLEEEEING.
 19383 | D:15     | 19383 ||| FLEEEEING.
 19384 | D:15     | 19384 ||| FLEEEEING.
 19385 | D:15     | 19385 ||| FLEEEEING.
 19386 | D:15     | 19386 ||| FLEEEEING.
 19392 | D:15     | 19392 ||| FLEEEEING.
 19393 | D:15     | 19393 ||| FLEEEEING.
 19394 | D:15     | 19394 ||| FLEEEEING.
 19395 | D:15     | 19395 ||| FLEEEEING.
 19400 | D:15     | 19400 ||| FLEEEEING.
 19401 | D:15     | 19401 ||| FLEEEEING.
 19402 | D:15     | 19402 ||| FLEEEEING.
 19403 | D:15     | 19403 ||| FLEEEEING.
 19404 | D:15     | 19404 ||| FLEEEEING.
 19405 | D:15     | 19405 ||| FLEEEEING.
 19406 | D:15     | 19406 ||| FLEEEEING.
 19407 | D:15     | 19407 ||| FLEEEEING.
 19414 | D:15     | 19414 ||| FLEEEEING.
 19781 | D:15     | Found a staircase to the Depths.
 19782 | D:15     | 19782 ||| INVOKING Heroism.
 19869 | D:15     | 19869 ||| PLANNING ORC
 19994 | Orc:1    | Entered Level 1 of the Orcish Mines
 20006 | Orc:1    | 20006 ||| INVOKING Heroism.
 20016 | Orc:1    | Noticed Fannar
 20033 | Orc:1    | Killed Fannar
 20034 | Orc:1    | Reached skill level 18 in Ranged Weapons
 20110 | Orc:1    | Noticed Harold
 20124 | Orc:1    | Killed Harold
 20125 | Orc:1    | 20125 ||| FLEEEEING.
 20126 | Orc:1    | 20126 ||| FLEEEEING.
 20127 | Orc:1    | 20127 ||| FLEEEEING.
 20128 | Orc:1    | 20128 ||| FLEEEEING.
 20129 | Orc:1    | 20129 ||| FLEEEEING.
 20130 | Orc:1    | 20130 ||| FLEEEEING.
 20131 | Orc:1    | 20131 ||| FLEEEEING.
 20132 | Orc:1    | 20132 ||| FLEEEEING.
 20133 | Orc:1    | 20133 ||| FLEEEEING.
 20134 | Orc:1    | 20134 ||| STAIRDANCE
 20246 | Orc:1    | 20246 ||| STAIRDANCE
 20284 | Orc:1    | 20284 ||| STAIRDANCE
 20299 | Orc:1    | 20299 ||| STAIRDANCE
 20305 | Orc:1    | 20305 ||| STAIRDANCE
 20377 | Orc:1    | 20377 ||| Stepping ~*~*~tactically~*~*~ (retreating).
 20378 | Orc:1    | 20378 ||| Stepping ~*~*~tactically~*~*~ (retreating).
 20379 | Orc:1    | 20379 ||| INVOKING Heroism.
 20382 | Orc:1    | 20382 ||| Stepping ~*~*~tactically~*~*~ (retreating).
 20383 | Orc:1    | 20383 ||| Stepping ~*~*~tactically~*~*~ (retreating).
 20387 | Orc:1    | 20387 ||| Stepping ~*~*~tactically~*~*~ (retreating).
 20393 | Orc:1    | Noticed Jorgrun
 20393 | Orc:1    | 20393 ||| INVOKING Finesse.
 20400 | Orc:1    | 20400 ||| Stepping ~*~*~tactically~*~*~ (retreating).
 20401 | Orc:1    | 20401 ||| Stepping ~*~*~tactically~*~*~ (retreating).
 20403 | Orc:1    | 20403 ||| Stepping ~*~*~tactically~*~*~ (retreating).
 20406 | Orc:1    | 20406 ||| Stepping ~*~*~tactically~*~*~ (retreating).
 20407 | Orc:1    | 20407 ||| Stepping ~*~*~tactically~*~*~ (retreating).
 20408 | Orc:1    | 20408 ||| Stepping ~*~*~tactically~*~*~ (retreating).
 20409 | Orc:1    | 20409 ||| Stepping ~*~*~tactically~*~*~ (retreating).
 20410 | Orc:1    | 20410 ||| RETREEAATING.
 20411 | Orc:1    | 20411 ||| Stepping ~*~*~tactically~*~*~ (retreating).
 20417 | Orc:1    | 20417 ||| STILL RETREEAATING.
 20418 | Orc:1    | 20418 ||| Stepping ~*~*~tactically~*~*~ (retreating).
 20422 | Orc:1    | 20422 ||| Stepping ~*~*~tactically~*~*~ (retreating).
 20433 | Orc:1    | Killed Jorgrun
 20439 | Orc:1    | 20439 ||| INVOKING Heroism.
 20844 | Orc:2    | Entered Level 2 of the Orcish Mines
 20867 | Orc:2    | 20867 ||| INVOKING Heroism.
 21021 | Orc:2    | 21021 ||| INVOKING Heroism.
 21021 | Orc:2    | Noticed an orc warlord
 21022 | Orc:2    | 21022 ||| RETREEAATING.
 21030 | Orc:2    | 21030 ||| INVOKING Finesse.
 21036 | Orc:2    | 21036 ||| RETREEAATING.
 21042 | Orc:2    | 21042 ||| STILL RETREEAATING.
 21045 | Orc:2    | Killed an orc warlord
 21051 | Orc:2    | Reached XP level 16. HP: 110/110 MP: 18/23
 21100 | Orc:2    | 21100 ||| INVOKING Heroism.
 21121 | Orc:1    | Found Myjibuf's Weapon Shoppe.
 21344 | Orc:2    | Found a staircase to the Elven Halls.
 21422 | Orc:2    | 21422 ||| INVOKING Heroism.
 21429 | Orc:2    | 21429 ||| Stepping ~*~*~tactically~*~*~ (retreating).
 21437 | Orc:2    | 21437 ||| Stepping ~*~*~tactically~*~*~ (retreating).
 21463 | Orc:2    | HP: 23/110 [orc priest/divine providence (12)]
 21464 | Orc:2    | 21464 ||| READING 8 scrolls of teleportation.
 21465 | Orc:2    | 21465 ||| DRINKING 6 potions of heal wounds.
 21472 | Orc:2    | 21472 ||| INVOKING Heroism.
 21480 | Orc:2    | 21480 ||| RETREEAATING.
 21628 | Orc:2    | 21628 ||| FLEEEEING.
 21629 | Orc:2    | 21629 ||| FLEEEEING.
 21635 | Orc:2    | 21635 ||| INVOKING Heroism.
 21706 | Orc:2    | 21706 ||| FLEEEEING.
 21798 | Orc:2    | 21798 ||| Stepping ~*~*~tactically~*~*~ (retreating).
 21800 | Orc:2    | Reached skill level 19 in Ranged Weapons
 21802 | Orc:2    | 21802 ||| INVOKING Heroism.
 21810 | Orc:2    | 21810 ||| Stepping ~*~*~tactically~*~*~ (retreating).
 21830 | Orc:2    | 21830 ||| Stepping ~*~*~tactically~*~*~ (retreating).
 21831 | Orc:2    | 21831 ||| Stepping ~*~*~tactically~*~*~ (retreating).
 21832 | Orc:2    | 21832 ||| INVOKING Heroism.
 21851 | Orc:2    | HP: 23/110 [smoke demon/divine providence[an orc high
                  | priest] (14)]
 21852 | Orc:2    | 21852 ||| READING 7 scrolls of teleportation.
 21853 | Orc:2    | 21853 ||| DRINKING 5 potions of heal wounds.
 22051 | Orc:2    | 22051 ||| INVOKING Heroism.
 22125 | Orc:2    | 22125 ||| INVOKING Heroism.
 22158 | Orc:2    | Found Cearees's Magic Scroll Emporium.
 22158 | Orc:2    | Found Aloliziv's Antique Weapon Emporium.
 22159 | Orc:2    | Found Saih's Distillery.
 22159 | Orc:2    | Found Wesathuc's Magic Scroll Shoppe.
 22168 | Orc:2    | 22168 ||| BUYING scroll of acquirement (780 gold).
 22168 | Orc:2    | Bought a scroll of acquirement for 780 gold pieces
 22168 | Orc:2    | 22168 ||| BUYING scroll of brand weapon (142 gold).
 22168 | Orc:2    | Bought a scroll of brand weapon for 142 gold pieces
 22168 | Orc:2    | 22168 ||| BUYING scroll of identify (30 gold).
 22168 | Orc:2    | Bought a scroll of identify for 30 gold pieces
 22168 | Orc:2    | 22168 ||| SHOPLISTING scroll of teleportation (45 gold,
                  | have 30).
 22168 | Orc:2    | 22168 ||| READING scroll of acquirement.
 22168 | Orc:2    | 22168 ||| ACQUIRING 518 gold pieces
 22168 | Orc:2    | Acquired 518 gold pieces
 22170 | Orc:2    | 22170 ||| BUYING scroll of teleportation (45 gold).
 22170 | Orc:2    | Bought a scroll of teleportation for 45 gold pieces
 22170 | Orc:2    | 22170 ||| BUYING scroll of teleportation (45 gold).
 22170 | Orc:2    | Bought a scroll of teleportation for 45 gold pieces
 22170 | Orc:2    | 22170 ||| READING scroll of brand weapon.
 22170 | Orc:2    | 22170 ||| BRANDING +0 longbow of draining.
 22173 | Orc:2    | 22173 ||| BUYING 2 potions of curing (66 gold).
 22173 | Orc:2    | Bought 2 potions of curing for 66 gold pieces
 22173 | Orc:2    | 22173 ||| BUYING potion of curing (33 gold).
 22173 | Orc:2    | Bought a potion of curing for 33 gold pieces
 22173 | Orc:2    | 22173 ||| BUYING potion of curing (33 gold).
 22173 | Orc:2    | Bought a potion of curing for 33 gold pieces
 22174 | Orc:2    | 22174 ||| BUYING scroll of enchant armour (120 gold).
 22174 | Orc:2    | Bought a scroll of enchant armour for 120 gold pieces
 22174 | Orc:2    | 22174 ||| BUYING scroll of enchant weapon (120 gold).
 22174 | Orc:2    | Bought a scroll of enchant weapon for 120 gold pieces
 22174 | Orc:2    | 22174 ||| BUYING scroll of identify (32 gold).
 22174 | Orc:2    | Bought a scroll of identify for 32 gold pieces
 22174 | Orc:2    | 22174 ||| BUYING scroll of identify (32 gold).
 22174 | Orc:2    | Bought a scroll of identify for 32 gold pieces
 22174 | Orc:2    | 22174 ||| READING scroll of enchant armour.
 22174 | Orc:2    | 22174 ||| ENCHANTING +0 pair of gloves.
 22175 | Orc:2    | 22175 ||| READING scroll of enchant weapon.
 22175 | Orc:2    | 22175 ||| ENCHANTING +0 longbow of chaos.
 22281 | Orc:2    | 22281 ||| PLANNING SNAKE:1-3
 22361 | Snake:1  | Entered Level 1 of the Snake Pit
 22362 | Snake:1  | 22362 ||| STAIRDANCE
 22365 | Snake:1  | 22365 ||| INVOKING Heroism.
 22376 | Snake:1  | 22376 ||| STAIRDANCE
 22518 | Snake:1  | 22518 ||| STAIRDANCE
 22541 | Snake:1  | 22541 ||| INVOKING Heroism.
 22582 | Snake:1  | 22582 ||| INVOKING Heroism.
 22606 | Snake:1  | 22606 ||| INVOKING Heroism.
 22838 | Snake:1  | Reached skill level 20 in Ranged Weapons
 23207 | Snake:1  | 23207 ||| READING scroll of enchant armour.
 23207 | Snake:1  | 23207 ||| ENCHANTING +1 pair of gloves.
 23269 | Snake:1  | 23269 ||| INVOKING Heroism.
 23405 | Snake:1  | 23405 ||| DROPPING +0 helmet.
 23569 | Snake:2  | 23569 ||| INVOKING Heroism.
 23573 | Snake:2  | 23573 ||| RETREEAATING.
 23574 | Snake:2  | 23574 ||| STILL RETREEAATING.
 23576 | Snake:2  | 23576 ||| RETREEAATING.
 23577 | Snake:2  | 23577 ||| STILL RETREEAATING.
 23658 | Snake:2  | 23658 ||| RETREEAATING.
 23659 | Snake:2  | Received a gift from Okawaru
 23660 | Snake:2  | 23660 ||| STILL RETREEAATING.
 23661 | Snake:2  | 23661 ||| STILL RETREEAATING.
 23671 | Snake:2  | 23671 ||| INVOKING Heroism.
 24388 | Snake:2  | 24388 ||| READING scroll labelled TERHAS LEGEL.
 24389 | Snake:2  | 24389 ||| READING 11 scrolls of identify.
 24389 | Snake:2  | 24389 ||| IDENTIFYING black potion
 24434 | Snake:3  | 24434 ||| STAIRDANCE
 24552 | Snake:3  | 24552 ||| RETREEAATING.
 24556 | Snake:3  | 24556 ||| INVOKING Heroism.
 24557 | Snake:3  | HP: 22/110 [naga warrior/+0 halberd (12)]
 24558 | Snake:3  | 24558 ||| READING 9 scrolls of teleportation.
 24558 | Snake:3  | Slain by a naga warrior

Levels and vault maps discovered:
D:1:      lightli_arrival_lavapool, layout_basic,
          hellmonk_ecumenical_altar_defaced_shrine
D:2:      layout_loops_ring, nicolae_houndstooth_variations
D:3:      layout_basic, nicolae_elyvilon_peaceful_grove, serial_shops,
          nicolae_shop_stone
D:4:      nicolae_BIG_FREAKIN_CUBE, layout_rooms,
          nicolae_sif_muna_little_library, serial_co_window_serial,
          co_window_corner_a, co_window_corner_a, co_window_paths_a,
          co_window_corner_a, co_window_paths_a, co_window_corner_a,
          co_window_paths_c, co_window_of_opportunity_c, co_window_corner_ca,
          co_window_corner_b, co_window_paths_e, glass_columns_b,
          glass_columns_b, glass_columns_a, nrook_campfire, uniq_grinder
D:5:      layout_cave_pools, grunt_temple_overflow_lords_of_destruction,
          marbit_many_paths, minmay_temple_entry_sparse_star,
          serial_column_ruins, column_ruins_temple_hall,
          column_ruins_open_small, column_ruins_open_tiny_water,
          column_ruins_columns_corner, column_ruins_columns_plus,
          column_ruins_grid_1, uniq_blork_the_orc, uniq_menkaure
D:6:      layout_basic, nicolae_uskayaw_suspiria, lemuel_doored_altar,
          grunt_temple_overflow_open, uniq_edmund
D:7:      layout_basic, regret_index_temple_of_mockery,
          mainiacjoe_overflow_alcove_1
D:8:      layout_gridville
D:9:      layout_loops_ring, kennysheep_little_box, st_stairs_7
D:10:     layout_cave_pods, mainiacjoe_overflow_alcove_4, dpeg_lair_monsters,
          hiddenorc2_lemuel
D:11:     layout_basic, minivault_27, uniq_psyche
D:12:     layout_grid_maze, serial_shops, nicolae_shop_pleasant_corner_grove,
          gammafunk_ghost_arena, minmay_stone_trees_medium,
          kennysheep_generic_room_6, uniq_sonja, uniq_erolcha
D:13:     layout_rooms, hangedman_vaults_entry_quadrant_bands,
          portal_ice_cave_entry_animals_and_master
D:14:     layout_roguey [special_room_orc], serial_shops, nicolae_stop_n_shop_2,
          roderic_cross_of_infinity, nicolae_trove_entry_columns
D:15:     grunt_enter_depths_snipers, layout_loops_ring,
          dreamdust_princess_bridge
Temple:   hellmonk_temple_flake
Lair:1:   layout_loops_ring, serial_bayou_pond_d, serial_bayou_shore_a,
          grunt_megastairs_3
Lair:2:   layout_loops_ring, minmay_shoals_entry_centaurs,
          minmay_snake_entry_guardpost_medium
Lair:3:   layout_loops_ring, beast_lair_carwin_1
Lair:4:   layout_concentric_octagons, slime_entry_2, forest_entry_grove
Lair:5:   minmay_lair_end_frog_pond, layout_misc_corridors, st_stairs_3,
          grunt_megastairs_2, lemuel_fruit_tree
Snake:1:  layout_honeycomb
Snake:2:  layout_chambers, drop_trap
Snake:3:  layout_misc_corridors, special_room, nicolae_integral_box,
          uniq_vashnia
Orc:1:    layout_caves, serial_shops, nicolae_shop_crystal, mines2_david,
          uniq_harold, uniq_jorgrun, uniq_fannar
Orc:2:    st_orc_pillars, layout_diamond_mine

Skill      XL: |  1  2  3  4  5  6  7  8  9 10 11 12 13 14 15 16 |
---------------+-------------------------------------------------+-----
Armour         | 1 2 3 4 6 9 10 | 10.0
Ranged Weapons | 5 6 7 8 9 12 13 14 15 16 18 20 | 20.0
Fighting       | 3 4 5 7 8 9 10 11 13 15 16 | 16.0
Dodging        | 2 3 4 5 6 7 9 |  9.6
Invocations    | 4 6 10 | 10.0
Stealth        | |  1.1

Action                     |  1- 3 |  4- 6 |  7- 9 | 10-12 | 13-15 | 16-18 || total
---------------------------+-------+-------+-------+-------+-------+-------++-------
   Fire: Shortbow          |   104 |   139 |   336 |   661 |       |       ||  1240
         Orcbow            |       |       |       |   188 |  1040 |       ||  1228
         Longbow           |       |       |       |       |   536 |   569 ||  1105
 Invoke: Heroism           |       |       |     4 |    18 |    38 |    16 ||    76
         Finesse           |       |       |       |     2 |     6 |       ||     8
    Use: Scroll            |     2 |     5 |     6 |     7 |     5 |    10 ||    35
         Potion            |     1 |     3 |     2 |     2 |     3 |     2 ||    13
 Armour: Leather armour    |     9 |       |       |       |       |       ||     9
         Ring mail         |    24 |    55 |   124 |   209 |   471 |   120 ||  1003
  Dodge: Dodged            |    33 |    49 |   145 |   342 |   971 |   347 ||  1887

Table legend:
 A = Non-vault XP
 B = Vault XP
 C = Vault XP percentage of total XP
 D = Non-vault monster count
 E = Vault monster count
 F = Vault count percentage of total count
                 A         B        C        D         E       F
            +---------+---------+-------+---------+---------+-------
      Total |  114642 |   52193 |  31.3 |     561 |     265 |  32.1
            +---------+---------+-------+---------+---------+-------
        D:1 |      20 |      12 |  37.5 |      14 |       6 |  30.0
        D:2 |      83 |       0 |   0.0 |      26 |       0 |   0.0
        D:3 |     117 |       0 |   0.0 |      13 |       0 |   0.0
        D:4 |     285 |     267 |  48.4 |      19 |       1 |   5.0
        D:5 |    1146 |     342 |  23.0 |      23 |       4 |  14.8
        D:6 |     378 |     162 |  30.0 |      14 |       1 |   6.7
        D:7 |    2195 |       0 |   0.0 |      21 |       0 |   0.0
        D:8 |     850 |       0 |   0.0 |      19 |       0 |   0.0
        D:9 |    2112 |     151 |   6.7 |      29 |       1 |   3.3
       D:10 |    2907 |    3017 |  50.9 |      24 |      37 |  60.7
       D:11 |    1011 |     365 |  26.5 |      12 |       1 |   7.7
       D:12 |    6764 |    1484 |  18.0 |      18 |       3 |  14.3
       D:13 |    5404 |    8598 |  61.4 |      13 |      26 |  66.7
       D:14 |    9201 |     912 |   9.0 |      27 |      26 |  49.1
       D:15 |    8964 |    2762 |  23.6 |      16 |       3 |  15.8
     Lair:1 |    4223 |    1895 |  31.0 |      19 |       8 |  29.6
     Lair:2 |   10037 |    1500 |  13.0 |      37 |      11 |  22.9
     Lair:3 |    4830 |    1730 |  26.4 |      17 |       7 |  29.2
     Lair:4 |    7802 |    1215 |  13.5 |      23 |       7 |  23.3
     Lair:5 |   15278 |   11657 |  43.3 |      45 |      43 |  48.9
    Snake:1 |   13632 |       0 |   0.0 |      27 |       0 |   0.0
    Snake:2 |    7165 |       0 |   0.0 |      15 |       0 |   0.0
    Snake:3 |    1247 |       0 |   0.0 |       2 |       0 |   0.0
      Orc:1 |    3358 |    3797 |  53.1 |      35 |      14 |  28.6
      Orc:2 |    5425 |   12327 |  69.4 |      52 |      66 |  55.9
    Abyss:1 |     208 |       0 |   0.0 |       1 |       0 |   0.0
            +---------+---------+-------+---------+---------+-------
